 Dungeon Crawl Stone Soup version 0.23.1-41-g7e51ed3 (webtiles) character file.

Game seed: 9673689339912545450

8105 night the Destroyer (level 11, -2/74 HPs)
             Began as a Red Draconian Conjurer on Mar 28, 2019.
             Was a Priest of Vehumet.
             Slain by a porcupine (12 damage)
             ... on level 1 of the Lair of Beasts on Mar 29, 2019.
             The game lasted 00:50:11 (12966 turns).

night the Destroyer (Red Draconian Conjurer)       Turns: 12966, Time: 00:50:12

Health: -2/74      AC: 10    Str: 10    XL:     11   Next: 5%
Magic:  18/25      EV: 12    Int: 22    God:    Vehumet [***...]
Gold:   202        SH:  0    Dex: 12    Spells: 11/30 levels left

rFire    + . .     SeeInvis +   B - +6 dagger of Awkwardness {pierce, rC+ MR+ Int+3}
rCold    + . .     Gourm    .   (no shield)
rNeg     . . .     Faith    .   (armour unavailable)
rPois    +         Spirit   .   (helmet restricted)
rElec    .         Reflect  .   v - +0 cloak {rPois}
rCorr    .         Harm     .   m - +1 pair of gloves
MR       +....                  (no boots)
Stlth    ++........             (no amulet)
HPRegen  0.22/turn              h - ring of see invisible
MPRegen  0.19/turn              (no ring)

@: slowed, very slow
A: breathe fire, unfitting armour, fire resistance 1, cold-blooded, AC +7
a: Breathe Fire, Renounce Religion


You were on level 1 of the Lair of Beasts.
You worshipped Vehumet.
Vehumet was most pleased with you.
You were very hungry.

You visited 3 branches of the dungeon, and saw 12 of its levels.

You collected 312 gold pieces.
You spent 110 gold pieces at shops.

Inventory:

Hand Weapons
 e - a +0 flail
 n - a +0 whip of flaming
 q - a +0 morningstar of protection
 w - a +2 shortbow of flaming
 B - the +6 dagger of Awkwardness (weapon) {pierce, rC+ MR+ Int+3}
   (You found it on level 7 of the Dungeon)

   It inflicts extra damage upon your enemies.
   It affects your intelligence (+3).
   It protects you from cold.
   It affects your resistance to hostile enchantments.
Missiles
 d - 384 stones (quivered)
 f - 157 arrows
Armour
 m - a +1 pair of gloves (worn)
 v - a +0 cloak of poison resistance (worn)
Jewellery
 h - a ring of see invisible (left hand)
Wands
 a - a wand of scattershot (8)
 A - a wand of iceblast (8)
 F - a wand of disintegration (20)
 G - a wand of random effects (25)
 H - a wand of digging (4)
 I - a wand of flame (18)
Scrolls
 c - 4 scrolls of identify
 g - 3 scrolls of immolation
 i - 8 scrolls of enchant armour
 k - 2 scrolls of teleportation
 r - a scroll of blinking {unknown}
 t - a scroll of enchant weapon {unknown}
 u - a scroll of magic mapping
 x - a scroll of fog {unknown}
 y - a scroll of noise {unknown}
 z - 2 scrolls of fear {unknown}
 D - 2 scrolls of remove curse {unknown}
Potions
 j - 3 potions of heal wounds
 l - 4 potions of lignification
 o - 2 potions of flight
 p - 6 potions of curing
 s - a potion of magic
 C - a potion of might
 E - 4 potions of brilliance
Comestibles
 b - 14 rations


   Skills:
 - Level 1.7 Dodging
 - Level 1.7 Stealth
 + Level 10.2 Spellcasting
 - Level 11.3 Conjurations
 - Level 6.1 Hexes
 * Level 4.3 Fire Magic


You had 11 spell levels left.
You knew the following spells:

 Your Spells              Type           Power        Failure   Level  Hunger
a - Magic Dart            Conj           ####         1%          1    None
b - Searing Ray           Conj           ######       1%          2    None
c - Iskenderun's Mystic   Conj           ######..     1%          4    ##.....
d - Fulminant Prism       Conj/Hex       #####.....   1%          4    ##.....
e - Dazzling Spray        Conj/Hex       #####.       1%          3    None
f - Throw Flame           Conj/Fire      #####.       1%          2    None
g - Ignite Poison         Fire/Tmut/Pois ###.....     2%          3    None

Your spell library contained the following spells:

 Spells                   Type           Power        Failure   Level  Hunger
 Freeze                   Ice            ##..         1%          1    None
 Throw Frost              Conj/Ice       #####.       1%          2    None
 Force Lance              Conj/Tloc      #####...     1%          4    ##.....
 Throw Icicle             Conj/Ice       #####...     1%          4    ##.....
 Poisonous Vapours        Pois/Air       ##....       9%          2    None
 Ozocubu's Armour         Chrm/Ice       ##......     19%         3    None
 Summon Ice Beast         Ice/Summ       ##......     52%         4    ##.....
 Ignition                 Fire           ####......   100%        8    #######


Dungeon Overview and Level Annotations

Branches:
Dungeon (10/15)            Temple (1/1) D:5            Lair (1/6) D:10
    Orc: D:9-12

Altars:
Ashenzari
Cheibriados
Dithmenos
Elyvilon
Fedhas
Gozag
Hepliaklqana
Kikubaaqudgha
Makhleb
Nemelex Xobeh
Qazlal
Ru
Sif Muna
Trog
Uskayaw
Vehumet
Wu Jian
Xom
Yredelemnul
Zin
The Shining One

Shops:
D:4 %   D:5 *[(   D:8 !

Annotations:
Lair:1 Sonja


Innate Abilities, Weirdness & Mutations

You can breathe blasts of fire.
Your fiery red scales are hard. (AC +7)
You cannot fit into any form of body armour.
Your flesh is heat resistant. (rF+)
You are cold-blooded and may be slowed by cold attacks.


Message History

Sonja shoots a curare-tipped needle.
The curare-tipped needle barely misses you.
Sonja says, "I'm academy-trained, you know."
The spiny frog stings you!
* * * LOW HITPOINT WARNING * * *
You feel sick.
Sonja unwields a +0 blowgun.
Sonja wields a +2 dagger of venom.
It begins to drip with poison!
Sonja misses you. Sonja barely misses you. Sonja completely misses you.
The spiny frog barely misses you.
Your surroundings suddenly seem different.
You feel sick.
You feel sick.
Casting: Searing Ray (safe; 1% risk of failure)
Confirm with . or Enter, or press ? or * to list all spells.
Okay, then.
You feel sick.
You are no longer poisoned.
The porcupine bites you!
* * * LOW HITPOINT WARNING * * *
The porcupine bites you!
You die...

### ###
#######P###P######
.................#
................@##
................r.#
.................##
..................#
##.##.##.........##
#######.........#
#.####.#..#
#......#..#
#......#..#


You could see a porcupine.

Vanquished Creatures
  Erica (D:8)
  Pikel (D:5)
  A centaur zombie (D:10)
  A black mamba (Lair:1)
  Psyche (D:9)
  A centaur skeleton (D:10)
  A komodo dragon (Lair:1)
  A troll (D:8)
  Grinder (D:6)
  A hungry ghost (D:8)
  Menkaure (D:5)
  A water moccasin (D:6)
  4 orc warriors
  5 phantoms
  3 slaves (D:5)
  A hornet zombie (D:8)
  A necrophage (D:10)
  3 sky beasts
  An ice beast (D:5)
  5 ogres
  3 centaurs
  9 bullfrogs
  7 scorpions
  7 killer bees (D:8)
  2 howler monkeys
  3 crimson imps
  2 jellies
  A bullfrog zombie (D:5)
  7 orc priests
  5 hounds
  9 orc wizards
  An iguana (D:8)
  Jessica (D:2)
  4 bullfrog skeletons
  9 worker ants
  Robin (D:2)
  A howler monkey zombie (D:6)
  A gnoll (D:1)
  2 howler monkey skeletons
  12 adders
  2 shadow imps
  An ooze (D:1)
  An adder zombie (D:7)
  2 worms (D:4)
  A dart slug (D:1)
  7 leopard geckos
  47 orcs
  5 bats
  4 giant cockroaches
  18 goblins
  13 hobgoblins
  7 jackals
  2 kobolds
  3 quokkas
  2 ball pythons
  3 frilled lizards
  A quokka skeleton (D:5)
  A quokka zombie (D:8)
  5 rats
247 creatures vanquished.

Vanquished Creatures (others)
  A slave (D:5)
  30 fulminant prisms
31 creatures vanquished.

Grand Total: 278 creatures vanquished

Notes
Turn   | Place    | Note
-------+----------+-------------------------------------------
     0 | D:1      | night the Draconian Conjurer began the quest for the Orb.
     0 | D:1      | Reached XP level 1. HP: 14/14 MP: 3/3
   172 | D:1      | Reached XP level 2. HP: 20/20 MP: 1/5
   176 | D:1      | Learned a level 2 spell: Searing Ray
   532 | D:1      | Reached XP level 3. HP: 19/26 MP: 7/7
  1406 | D:2      | Noticed Jessica
  1408 | D:2      | Killed Jessica
  1408 | D:2      | Reached skill level 5 in Conjurations
  1408 | D:2      | Reached XP level 4. HP: 33/33 MP: 5/8
  1414 | D:2      | Learned a level 4 spell: Iskenderun's Mystic Blast
  1434 | D:2      | Found a hazy altar of Hepliaklqana.
  1838 | D:2      | Identified the cursed +0 helmet "Demilu" {+Inv rF+ rN++
                  | Dex-2}
  1838 | D:2      | Noticed Robin
  1853 | D:2      | Killed Robin
  2045 | D:2      | Reached XP level 5. HP: 35/38 MP: 5/10
  2088 | D:2      | Learned a level 4 spell: Fulminant Prism
  2136 | D:2      | Found a bloodstained altar of Trog.
  2919 | D:3      | Reached skill level 1 in Hexes
  3330 | D:4      | Reached XP level 6. HP: 45/45 MP: 7/12
  3430 | D:4      | Found an ancient bone altar of Kikubaaqudgha.
  3733 | D:4      | Reached skill level 6 in Conjurations
  3801 | D:4      | Found a glowing silver altar of Zin.
  4049 | D:4      | Your scales start taking on a fiery red colour.
  4049 | D:4      | Reached XP level 7. HP: 50/50 MP: 6/14
  4049 | D:4      | Gained mutation: Your flesh is heat resistant. (rF+) [Red
                  | Draconian growth]
  4464 | D:4      | Found Ypeane's Food Emporium.
  4482 | D:4      | Reached skill level 5 in Spellcasting
  5200 | D:4      | Reached skill level 7 in Conjurations
  5200 | D:4      | Reached XP level 8. HP: 33/57 MP: 0/16
  5205 | D:4      | Learned a level 3 spell: Dazzling Spray
  5465 | D:5      | Entered Level 5 of the Dungeon
  5495 | D:5      | Found Voapuwn's Armour Shoppe.
  5516 | D:5      | Noticed Menkaure
  5867 | D:5      | Found Jekybuumn's General Store.
  5953 | D:5      | Found a staircase to the Ecumenical Temple.
  5962 | Temple   | Entered the Ecumenical Temple
  6160 | Temple   | Became a worshipper of Vehumet
  6245 | D:5      | Killed Menkaure
  6628 | D:5      | Reached skill level 5 in Hexes
  6764 | D:5      | Bought a +0 cloak of poison resistance for 110 gold pieces
  6908 | D:5      | Found Nowosh's Weapon Shop.
  6968 | D:5      | Noticed Pikel
  7021 | D:5      | Reached skill level 8 in Conjurations
  7112 | D:5      | Killed Pikel
  7112 | D:5      | Reached XP level 9. HP: 41/62 MP: 10/19
  7255 | D:5      | Found a shimmering altar of Xom.
  7256 | D:5      | Found a burning altar of Makhleb.
  7660 | D:6      | Reached * piety under Vehumet
  7660 | D:6      | Offered knowledge of Freeze by Vehumet.
  7949 | D:6      | Noticed Grinder
  7952 | D:6      | Paralysed by Grinder for 2 turns
  7959 | D:6      | Killed Grinder
  8318 | D:6      | Reached skill level 9 in Conjurations
  9515 | D:7      | Got a smoking dagger
  9516 | D:7      | Identified the +6 dagger of Awkwardness {pierce, rC+ MR+
                  | Int+3} (You found it on level 7 of the Dungeon)
  9931 | D:8      | Offered knowledge of Throw Flame by Vehumet.
  9941 | D:8      | Learned a level 2 spell: Throw Flame
 10097 | D:8      | Reached ** piety under Vehumet
 10101 | D:8      | Reached XP level 10. HP: 60/69 MP: 6/22
 10281 | D:8      | Found a sacrificial altar of Ru.
 10580 | D:8      | Reached skill level 10 in Conjurations
 10942 | D:8      | Found a shattered altar of Ashenzari.
 11070 | D:8      | Found Leymur's Distillery.
 11093 | D:8      | Noticed Erica
 11099 | D:8      | Killed Erica
 11287 | D:8      | Offered knowledge of Ignite Poison by Vehumet.
 11292 | D:8      | Learned a level 3 spell: Ignite Poison
 11501 | D:9      | Noticed Psyche
 11515 | D:9      | Killed Psyche
 11536 | D:8      | Reached skill level 11 in Conjurations
 11759 | D:9      | You fall through a shaft!
 11759 | D:10     | Entered Level 10 of the Dungeon
 11759 | D:10     | Found a basalt altar of Yredelemnul.
 11765 | D:10     | Reached skill level 1 in Fire Magic
 12092 | D:10     | Reached *** piety under Vehumet
 12113 | D:10     | Reached skill level 10 in Spellcasting
 12377 | D:10     | Found a staircase to the Lair.
 12391 | D:10     | Identified Sif Muna's Grimoire of Igneous Poison
 12393 | D:10     | Upgraded the game from 0.23.1-38-g628c18f to
                  | 0.23.1-41-g7e51ed3
 12793 | Lair:1   | Entered Level 1 of the Lair of Beasts
 12840 | Lair:1   | Reached XP level 11. HP: 74/74 MP: 11/25
 12945 | Lair:1   | Noticed Sonja
 12966 | Lair:1   | Slain by a porcupine

Skill      XL: |  1  2  3  4  5  6  7  8  9 10 11 |
---------------+----------------------------------+-----
Spellcasting   | 3 4 5 6 8 10 | 10.2
Conjurations   | 5 6 7 8 9 11 | 11.3
Hexes          | 1 2 3 5 6 |  6.1
Fire Magic     | 3 4 |  4.3
Dodging        | |  1.7
Stealth        | |  1.7

Action                   |  1- 3 |  4- 6 |  7- 9 | 10-12 || total
-------------------------+-------+-------+-------+-------++-------
Melee: Unarmed           |    21 |       |       |       ||    21
       Flail             |     6 |    38 |       |       ||    44
       Tailslap          |     3 |     3 |    12 |     2 ||    20
       Whip              |       |     7 |    10 |       ||    17
       Morningstar       |       |       |    92 |       ||    92
       Dagger            |       |       |    30 |    53 ||    83
Throw: Stone             |       |     2 |       |       ||     2
 Cast: Magic Dart        |    54 |   100 |   185 |    92 ||   431
       Searing Ray       |     4 |     7 |    21 |    16 ||    48
       Fulminant Prism   |       |     4 |    15 |    11 ||    30
       Iskenderun's Myst |       |       |    11 |    10 ||    21
       Dazzling Spray    |       |       |     2 |     2 ||     4
       Throw Flame       |       |       |       |     1 ||     1
 Abil: Breathe Fire      |       |       |     2 |       ||     2
  Use: Scroll            |       |       |       |    12 ||    12
 Stab: Sleeping          |       |       |     2 |       ||     2
       Invisible         |       |       |       |     1 ||     1
  Eat: Chunk             |     2 |     9 |    13 |     8 ||    32
       Ration            |       |       |     3 |       ||     3
Armor: Skin              |    14 |    13 |    62 |    52 ||   141
Dodge: Dodged            |    44 |    43 |   134 |    80 ||   301
